 Dungeon Crawl Stone Soup version 0.32-a0-12-g7fc57aa (webtiles) character file.

Game seed: 6384393957639938667

9892 Dorkslayer the Blocker (level 11, -12/72 HPs)
             Began as an Octopode Fighter on Jan 10, 2024.
             Was a Priest of Dithmenos.
             Mangled by an eight-headed hydra (13 damage)
             ... on level 9 of the Dungeon on Jan 14, 2024.
             The game lasted 00:42:42 (9410 turns).

Dorkslayer the Blocker (Octopode Fighter)           Turns: 9410, Time: 00:42:43

Health: -12/72     AC: 10    Str: 22    XL:     11   Next: 53%
Magic:  0/13       EV: 19    Int: 22    God:    Dithmenos [***...]
Gold:   209        SH: 14    Dex: 22    Spells: 13/13 levels left

rFire   + . .        e - +6 falchion
rCold   + . .        n - +1 kite shield
rNeg    + . .        r - +1 hat of the Hippo {Harm rF+ Will- Str+6}
rPois   .            B - amulet of guardian spirit
rElec   .            h - +4 ring of protection
rCorr   .            m - +6 ring of intelligence
SInv    .            p - +6 ring of intelligence
Will    .....        C - ring of flight
Stlth   +++++++      D - ring of protection from cold
HPRegen 0.32/turn    c - ring of positive energy
MPRegen 0.13/turn    k - +4 ring of protection
                     F - +6 ring of dexterity

%: harm (+30% outgoing, +20% incoming), guardian spirit
@: flying, wreathed by umbra
A: almost no armour, amphibious, 8 rings, camouflage 1, gelatinous body 1,
(nimble swimmer 1), tentacles
a: Renounce Religion, Shadow Step


You were on level 9 of the Dungeon.
You worshipped Dithmenos.
Dithmenos was most pleased with you.
You visited 2 branches of the dungeon, and saw 10 of its levels.
You also visited: Sewer.

You collected 734 gold pieces.
You spent 525 gold pieces at shops.

Inventory:

Hand Weapons
 a - a +0 long sword
 e - a +6 falchion (weapon)
Missiles
 o - a throwing net
 A - a boomerang
Armour
 n - a +1 kite shield (worn)
 r - the +1 hat of the Hippo (worn) {Harm rF+ Will- Str+6}
   (You found it in a sewer)

   Str+6:     It affects your strength (+6).
   rF+:       It protects you from fire.
   Will-:     It decreases your willpower.
   Harm:      It increases damage dealt and taken.
Jewellery
 c - a ring of positive energy (on tentacle)
 h - a +4 ring of protection (left tentacle)
 k - a +4 ring of protection (on tentacle)
 m - a +6 ring of intelligence (right tentacle)
 p - a +6 ring of intelligence (on tentacle)
 B - an amulet of guardian spirit (around mantle)
 C - a ring of flight (on tentacle)
 D - a ring of protection from cold (on tentacle)
 F - a +6 ring of dexterity (on tentacle)
Talismans
 g - a flux talisman
 y - a flux talisman
Wands
 d - a wand of flame (33)
 l - a wand of iceblast (5)
Scrolls
 v - 2 scrolls of revelation
 w - a scroll of fog
Potions
 b - 2 potions of mutation
 i - a potion of resistance
 j - 2 potions of lignification
 q - a potion of cancellation
 s - a potion of brilliance
 t - a potion of might
 z - a potion of curing


   Skills:
 + Level 5.9 Fighting
 + Level 8.4 Long Blades
 + Level 0.4 Throwing
 * Level 8.8 Dodging
 + Level 6.8 Stealth
 * Level 9.0 Shields
 + Level 1.5 Spellcasting
 * Level 2.1 Invocations
 * Level 6.6 Evocations
 * Level 3.5 Shapeshifting


You had 13 spell levels left.
You didn't know any spells.
Your spell library contained the following spells:

 Spells                   Type           Power      Damage    Failure   Level
 Freeze                   Ice            4%         1d3       26%         1
 Magic Dart               Conj           4%         1d3       26%         1
 Call Imp                 Summ           2%         N/A       38%         2
 Ensorcelled Hibernation  Hex/Ice        2%         N/A       38%         2
 Searing Ray              Conj           2%         2d4       38%         2
 Sublimation of Blood     Necr           1%         N/A       38%         2
 Frozen Ramparts          Ice            2%         1d1       63%         3
 Fugue of the Fallen      Necr           1%         N/A       63%         3
 Hailstorm                Conj/Ice       1%         3d5       63%         3
 Summon Ice Beast         Ice/Summ       1%         N/A       63%         3
 Anguish                  Hex/Necr       0%         N/A       95%         4
 Fulminant Prism          Conj/Alch      0%         3d5       95%         4
 Sculpt Simulacrum        Ice/Alch       0%         N/A       100%        6
 Malign Gateway           Summ/Tloc      0%         N/A       100%        7
 Summon Hydra             Summ           0%         N/A       100%        7
 Summon Horrible Things   Summ           0%         N/A       100%        8


Dungeon Overview and Level Annotations

Branches:
Dungeon (9/15)             Temple (1/1) D:5            Lair (0/5) D:8
  Sewer (visited)
    Orc: D:9-12

Altars:
Ashenzari
Cheibriados
Dithmenos
Elyvilon
Fedhas
Gozag
Hepliaklqana
Kikubaaqudgha
Makhleb
Nemelex Xobeh
Okawaru
Qazlal
Ru
Sif Muna
Trog
Uskayaw
Vehumet
Wu Jian
Xom
Zin
The Shining One

Shops:
D:2 !   D:5 =(**:   D:7 *


Innate Abilities, Weirdness & Mutations

You cannot wear most types of armour.
You are amphibious.
You can wear up to eight rings at the same time.
Your skin changes colour to match your surroundings (Stealth+).
Your rubbery body absorbs attacks. (AC +1, EV +1)
((You are camouflaged when in or above water. (Stealth+)))
You have tentacles for arms and can constrict up to eight enemies at once.


Message History

* * * LOW HITPOINT WARNING * * *
You block the seven-headed hydra's attack.
The seven-headed hydra attacks as it pursues you!
The seven-headed hydra bites you!
* * * LOW HITPOINT WARNING * * *
You block the seven-headed hydra's attack. x2
The seven-headed hydra bites you.
* * * LOW HITPOINT WARNING * * *
You block the seven-headed hydra's attack.
The seven-headed hydra bites you.
* * * LOW HITPOINT WARNING * * *
The seven-headed hydra completely misses you.
Okay, then.
As you read the scroll of fear, it crumbles to dust.
You assume a fearsome visage.
The seven-headed hydra looks frightened!
The deep elf zephyrmancer looks frightened!
The eight-headed hydra easily resists.
The kobold looks frightened! x2
The deep elf zephyrmancer casts a spell.
The deep elf zephyrmancer blinks!
The kobold cries, "Help!"
Aiming: Iceblast
Press: ? - help, Shift-Dir - straight line, p - seven-headed hydra The mass of ice explodes!
The iceblast engulfs the eight-headed hydra!
Flame seeps out of the eight-headed hydra.
The eight-headed hydra is moderately wounded.
The eight-headed hydra is engulfed in blazing flames.
Flame seeps out of the eight-headed hydra.
Unknown command.
The eight-headed hydra's inner flame fades away.
The eight-headed hydra attacks as it pursues you!
The eight-headed hydra barely misses you.
You block the eight-headed hydra's attack. x2
The eight-headed hydra bites you!
* * * LOW HITPOINT WARNING * * *
You block the eight-headed hydra's attack.
The eight-headed hydra bites you but does no damage.
The eight-headed hydra bites you!
You die...

###.......#......#
######...#####.#
.....#.### #.#
#####.....# #.#
##...#####.# #.#
..._.....'.# #.#
##...#####.# #.#
.#####.....# #.#
.......##### #@###
########## #.D.##
###.........####<#..#
..................○.#
######...#########..#
..#..#.#.# ..... #..#
..D..#...#.......#.D#
###'##.$.#.......#..#
.#...^..._.....K#


You could see an eight-headed hydra.

Vanquished Creatures
  A two-headed ogre (D:8)
  A centaur warrior (D:9)
  A death knight (D:9)
  The ghost of rotlqkf the Carver, a novice DsWr of Gozag (D:6)
  A hornet (D:9)
  7 spriggans (D:8)
  The ghost of Dega the Ducker, an amateur SpHu (D:3)
  A shadow (D:9)
  6 yaks (D:7)
  A wraith (D:9)
  Eustachio (D:6)
  3 steam dragons
  A water moccasin (D:7)
  2 orc warriors
  A sky beast (D:6)
  4 ice beasts
  2 black bears
  An ogre (D:6)
  A centaur (D:8)
  3 phantoms
  Blork the orc (D:4)
  6 kobold brigands
  The ghost of Superstore the Shield-Bearer, an amateur VSFi (D:3)
  9 bullfrogs
  2 scorpions
  4 wights (D:8)
  3 howler monkeys (D:8)
  7 killer bees
  2 gnoll boudas
  A hound (D:5)
  5 jellies
  2 orc priests (D:7)
  Crazy Yiuf (D:4)
  3 iguanas
  8 orc wizards
  29 gnolls
  2 river rats (D:5)
  10 adders
  3 white imps
  4 ufetubi
  3 ribbon worms
  10 dart slugs
  27 orcs
  19 ball pythons
  4 bats
  11 endoplasms
  13 giant cockroaches
  31 goblins
  35 hobgoblins
  2 jackals (D:4)
  32 kobolds
  6 quokkas
  10 frilled lizards
  8 rats
354 creatures vanquished.

Vanquished Creatures (others)
  A spriggan (D:8)
1 creature vanquished.

Grand Total: 355 creatures vanquished

Notes
Turn   | Place    | Note
-------+----------+-------------------------------------------
     0 | D:1      | Dorkslayer the Octopode Fighter began the quest for the
                  | Orb.
     0 | D:1      | Reached XP level 1. HP: 16/16 MP: 1/1
   181 | D:1      | Reached XP level 2. HP: 15/21 MP: 2/2
   378 | D:1      | Reached XP level 3. HP: 15/26 MP: 3/3
   982 | D:2      | Reached skill level 1 in Stealth
   982 | D:2      | Reached XP level 4. HP: 28/31 MP: 4/4
  1075 | D:2      | Found Quisk's Distillery.
  1083 | D:2      | Bought a potion of heal wounds for 60 gold pieces
  1330 | D:2      | Reached skill level 1 in Shapeshifting
  1543 | D:3      | Reached XP level 5. HP: 32/36 MP: 5/5
  1678 | D:3      | Found a runed translucent gate.
  1678 | D:3      | Found a runed translucent gate.
  1679 | D:3      | Found a runed translucent gate.
  1690 | D:3      | Noticed Superstore's ghost (amateur VSFi)
  1690 | D:3      | Noticed Dega's ghost (amateur SpHu)
  2370 | D:4      | Reached XP level 6. HP: 38/42 MP: 6/6
  2414 | D:4      | Reached skill level 1 in Evocations
  2427 | D:4      | Found an opulent altar of Gozag.
  2501 | D:4      | Found a shimmering altar of Xom.
  2546 | D:4      | Noticed Blork the orc
  2554 | D:4      | Killed Blork the orc
  2856 | D:4      | Noticed a black bear
  2865 | D:4      | Killed a black bear
  2866 | D:4      | Reached skill level 4 in Shields
  2866 | D:4      | Reached XP level 7. HP: 36/47 MP: 7/7
  2939 | D:4      | Found a runed translucent door.
  2940 | D:4      | Noticed Crazy Yiuf
  2949 | D:4      | Killed Crazy Yiuf
  3702 | D:3      | Killed Superstore's ghost
  3732 | D:3      | Killed Dega's ghost
  3733 | D:3      | Reached XP level 8. HP: 32/54 MP: 8/8
  3826 | D:5      | Entered Level 5 of the Dungeon
  3842 | D:5      | Found a glowing drain.
  3842 | D:5      | Found a staircase to the Ecumenical Temple.
  3856 | D:5      | Reached skill level 5 in Dodging
  3864 | Sewer    | Entered a sewer
  4099 | Sewer    | Reached skill level 5 in Long Blades
  4101 | Sewer    | Identified the +1 hat of the Hippo {Harm rF+ Will- Str+6}
  4199 | Sewer    | Upgraded the game from 0.31-a0-1620-gcbf77bb to
                  | 0.32-a0-12-g7fc57aa
  4212 | Temple   | Entered the Ecumenical Temple
  4313 | Temple   | Became a worshipper of Dithmenos the Shadowed
  4371 | D:5      | Reached skill level 5 in Shields
  4439 | D:5      | Found Zeocs's General Store.
  4448 | D:5      | Bought a scroll of immolation for 44 gold pieces
  4448 | D:5      | Bought a scroll of revelation for 82 gold pieces
  4448 | D:5      | Bought a scroll of revelation for 82 gold pieces
  4448 | D:5      | Bought a scroll of identify for 22 gold pieces
  4448 | D:5      | Bought a scroll of fog for 44 gold pieces
  4511 | D:5      | Found Hoynn's Book Emporium.
  4619 | D:5      | Reached skill level 1 in Spellcasting
  4874 | D:5      | Reached skill level 1 in Invocations
  4896 | D:5      | Found Uvoosoaw's Assorted Antiques.
  4899 | D:5      | Bought a scroll labelled GIN LUYWASE for 23 gold pieces
  4950 | D:5      | Found Ughielos's Jewellery Shoppe.
  5024 | D:5      | Found Jelurum's Weapon Emporium.
  5230 | D:6      | Noticed Eustachio
  5246 | D:6      | Killed Eustachio
  5247 | D:6      | Reached XP level 9. HP: 30/59 MP: 11/11
  5321 | D:6      | Found an iron altar of Okawaru.
  5370 | D:6      | Reached * piety under Dithmenos
  5566 | D:6      | Found a sacrificial altar of Ru.
  5682 | D:6      | Found a runed translucent door.
  5693 | D:6      | Reached skill level 5 in Stealth
  5694 | D:6      | Noticed rotlqkf's ghost (novice DsWr)
  5967 | D:6      | Killed rotlqkf's ghost
  5968 | D:6      | Reached skill level 6 in Shields
  6087 | D:7      | Reached ** piety under Dithmenos
  6241 | D:7      | Reached XP level 10. HP: 65/65 MP: 12/12
  6267 | D:7      | Reached skill level 5 in Evocations
  6616 | D:7      | HP: 1/65 [orc warrior/+1 glaive of venom (14)]
  6954 | D:7      | Found Teakkygy's Assorted Antiques.
  6957 | D:7      | Bought a small opal ring for 140 gold pieces
  6957 | D:7      | Bought a scroll labelled HUSEURGH PUUHIRR for 28 gold
                  | pieces
  7029 | D:7      | Found a hide-covered altar of Uskayaw.
  7248 | D:7      | Reached skill level 5 in Fighting
  7322 | D:7      | Reached skill level 7 in Shields
  7573 | D:7      | Reached *** piety under Dithmenos
  7663 | D:8      | Found a staircase to the Lair.
  7864 | D:8      | Reached skill level 8 in Shields
  8026 | D:8      | Reached XP level 11. HP: 56/72 MP: 13/13
  8207 | D:8      | Identified the +0 chain mail of Fashionability {Dex+3}
  8236 | D:8      | Noticed a two-headed ogre
  8244 | D:8      | Killed a two-headed ogre
  8406 | D:8      | Found a snail-covered altar of Cheibriados.
  8460 | D:8      | Found a glowing golden altar of the Shining One.
  8684 | D:9      | Found a sparkling altar of Nemelex Xobeh.
  8787 | D:9      | Found a shimmering blue altar of Sif Muna.
  8819 | D:9      | Found a hazy altar of Hepliaklqana.
  8864 | D:8      | Found an ornate altar of the Wu Jian Council.
  8913 | D:8      | Found a white marble altar of Elyvilon.
  8959 | D:8      | Found a bloodstained altar of Trog.
  9319 | D:9      | Found a runed translucent door.
  9320 | D:9      | Noticed a death knight
  9338 | D:9      | Killed a death knight
  9343 | D:9      | Noticed a centaur warrior
  9350 | D:9      | Killed a centaur warrior
  9351 | D:9      | Reached skill level 9 in Shields
  9358 | D:9      | Noticed a seven-headed hydra
  9359 | D:9      | Noticed a deep elf zephyrmancer
  9363 | D:9      | Noticed an eight-headed hydra
  9387 | D:9      | Found a burning altar of Makhleb.
  9410 | D:9      | HP: 1/72 [eight-headed hydra (6)]
  9410 | D:9      | Mangled by an eight-headed hydra

Illustrated notes

Levels and vault maps discovered:
D:1:      dpeg_arrival_signposts, layout_basic
D:2:      layout_loops_ring, serial_shops, shop
D:3:      layout_loops_ring, gammafunk_ghost_cemetery
D:4:      minmay_goblin_kobold_castle, layout_rooms, grunt_gozag_statues,
          mainiacjoe_overflow_six_doors_small, small_statue_intersection,
          uniq_crazy_yiuf_cottage, uniq_blork_the_orc
D:5:      layout_loops_corners, temple_fountains, portal_sewer_entry_b,
          serial_shops, nicolae_shop_behind_doors, shop, shop, shop, shop,
          serial_bayou_lagoon_b
D:6:      layout_cave_pools, kennysheep_okawaru_gauntlet,
          nicolae_ru_great_annihilating_truth, ebering_ghost_sewer_d,
          uniq_eustachio
D:7:      layout_basic, lemuel_coloured_pillars_altar, serial_shops,
          kennysheep_mini, nicolae_elevator_lobby_asterisk
D:8:      kb_forest_paths, layout_cave_pools, tso_oasis_becter, slow_altar_1,
          mainiacjoe_overflow_catwalk_spiral, nicolae_wu_jian_glorious_leap,
          serial_column_ruins, column_ruins_hut_ruined,
          column_ruins_columns_corner, column_ruins_grid_1,
          column_ruins_open_tiny, minmay_misc_feat_ornament
D:9:      layout_loops_ring, mainiacjoe_overflow_surrounded_room,
          lemuel_tele_altar, mainiacjoe_overflow_small_starburst,
          mainiacjoe_overflow_concentric_impassable,
          hellmonk_ghost_happy_afterlife, nrook_mini_vaults,
          kennysheep_another_room, minivault_13
Temple:   nicolae_temple_superstar

Skill      XL: |  1  2  3  4  5  6  7  8  9 10 11 |
---------------+----------------------------------+-----
Stealth        | 1 2 3 4 6 |  6.8
Shapeshifting  | 1 2 3 |  3.5
Long Blades    | 3 4 5 6 7 8 |  8.4
Dodging        | 4 5 7 8 |  8.8
Evocations     | 2 3 4 6 |  6.6
Shields        | 4 5 6 8 9 |  9.0
Fighting       | 4 5 |  5.9
Spellcasting   | 1 |  1.5
Invocations    | 1 2 |  2.1
Throwing       | |  0.4

Action                     |  1- 3 |  4- 6 |  7- 9 | 10-12 || total
---------------------------+-------+-------+-------+-------++-------
  Melee: Long sword        |    60 |   120 |   426 |   125 ||   731
         Constrict         |    16 |    33 |   100 |    32 ||   181
         Tentacles         |     9 |    35 |    98 |    56 ||   198
         Punch             |       |     1 |     7 |     5 ||    13
         Falchion          |       |       |       |   119 ||   119
  Throw: Throwing net      |       |       |     3 |       ||     3
         Boomerang         |       |       |       |     5 ||     5
         Dart              |       |       |       |     3 ||     3
  Evoke: Wand              |       |       |     2 |    33 ||    35
    Use: Scroll            |     1 |     6 |     5 |     8 ||    20
         Potion            |       |     3 |     4 |     6 ||    13
   Stab: Sleeping          |     3 |     6 |    22 |     7 ||    38
         Held in net/web   |       |       |     4 |       ||     4
         Invisible         |       |       |     3 |       ||     3
         Distracted        |       |       |     1 |       ||     1
 Armour: Skin              |    24 |    58 |   206 |    98 ||   386
  Dodge: Dodged            |    28 |    76 |   265 |   141 ||   510
  Block: Buckler           |    14 |     8 |       |       ||    22
         Kite shield       |       |    43 |   248 |   206 ||   497

Table legend: (Time is in decaauts)
 A = Elapsed time spent in this place.
 B = Non-inter-level travel time spent in this place.
 C = Inter-level travel time spent in this place.
 D = Time resting spent in this place.
 E = Time spent auto-exploring this place.
 F = Levels seen in this place.
 G = Mean time per level.
                   A        B        C        D        E       F      G
               +--------+--------+--------+--------+--------+-----+--------+
         Total |   9590 |   9590 |      0 |   1003 |   4171 |  11 |  871.8 |
       Dungeon |   9110 |   9110 |      0 |   1003 |   4092 |   9 | 1012.2 |
        Temple |    122 |    122 |      0 |      0 |      0 |   1 |  122.0 |
         Sewer |    356 |    356 |      0 |      0 |     79 |   1 |  356.0 |
               +--------+--------+--------+--------+--------+-----+--------+

Top non-repeatable levels by time:
     D:7: 1511 daAuts
     D:4: 1391 daAuts
     D:8: 1296 daAuts
     D:5: 1073 daAuts
     D:3: 982 daAuts
     D:1: 899 daAuts
     D:6: 766 daAuts
     D:2: 652 daAuts
     D:9: 537 daAuts
   Sewer: 356 daAuts
  Temple: 122 daAuts
